 Dungeon Crawl Stone Soup version 0.29.1-13-g9f3cf754e1 (webtiles) character file.

Game seed: 15075203802624812131

200 Hrothgar the Shooter (level 5, -17/44 HPs)
             Began as a Draconian Hunter on Feb 1, 2023.
             Engulfed by a cloud of flame (21 damage)
             ... on level 4 of the Dungeon.
             The game lasted 00:07:12 (1486 turns).

Hrothgar the Shooter (Draconian Hunter)             Turns: 1486, Time: 00:07:13

Health: -17/44     AC:  5    Str: 13    XL:     5   Next: 49%
Magic:  6/6        EV: 12    Int: 11    God:
Gold:   113        SH:  0    Dex: 15    Spells: 6/6 levels left

rFire   . . .      SeeInvis .   a - +0 shortbow
rCold   . . .      Faith    .   (shield currently unavailable)
rNeg    + . .      Spirit   .   (body armour unavailable)
rPois   .          Reflect  .   (helmet restricted)
rElec   .          Harm     .   (no cloak)
rCorr   .          Rampage  .   (no gloves)
Will    .....                   (no boots)
Stlth   +.........              (no amulet)
HPRegen 0.14/turn               d - ring of positive energy
MPRegen 0.10/turn               (no ring)

@: confused
A: AC +5, unfitting armour, cold-blooded
a: no special abilities


You were on level 4 of the Dungeon.
You visited 1 branch of the dungeon, and saw 4 of its levels.

You collected 113 gold pieces.

Inventory:

Hand Weapons
 a - a +0 shortbow (weapon)
 e - a +1 vorpal hand axe
Jewellery
 d - a ring of positive energy (left hand)
Scrolls
 b - a scroll of immolation
 f - a scroll of amnesia
 i - a scroll of poison
Potions
 c - 2 potions of brilliance
 g - a potion of ambrosia


   Skills:
 * Level 2.9 Fighting
 * Level 1.0 Axes
 * Level 5.1 Ranged Weapons
 * Level 2.2 Dodging
 * Level 1.8 Stealth
 * Level 1.2 Spellcasting


You had 6 spell levels left.
You didn't know any spells.
Your spell library contained the following spells:

 Spells                   Type           Power      Damage    Failure   Level
 Dazzling Flash           Conj/Hex       0%         N/A       67%         3
 Agony                    Necr           0%         N/A       100%        5
 Silence                  Hex/Air        0%         N/A       100%        5


Dungeon Overview and Level Annotations

Branches:
Dungeon (4/15)
 Temple: D:4-7

Altars:


Innate Abilities, Weirdness & Mutations

Your plain brown scales are hard. (AC +5)
You cannot fit into any form of body armour.
You are cold-blooded and may be slowed by cold attacks.


Message History

Found a stone staircase leading down.
The orc wizard shouts! x2; You hear a shout!
The orc wizard gestures wildly while chanting.
The orc wizard flickers and vanishes!
Deactivating autopickup; reactivate with Ctrl-A.
Really read the scroll of immolation?
As you read the scroll of immolation, it crumbles to dust.
The creatures around you are filled with an inner flame!
The orc wizard gestures wildly while chanting.
The orc wizard flickers and vanishes!
Found 11 gold pieces.
Fire: a) +0 shortbow
Press: ? - help, Q - select action Shift-Dir - straight line, f - orc wizard
Aim: an orc wizard, wielding a +0 dagger and wearing a +0 robe (inner flame, 55% to hit)
You shoot an arrow. The arrow hits the orc wizard.
Flame seeps out of the orc wizard.
The orc wizard is moderately wounded.
You hear some strange, mumbled words.
You are confused.
The orc wizard is engulfed in blazing flames.
The orc wizard explodes!
The fiery explosion engulfs the orc wizard!!
The fiery explosion engulfs something!!
Reactivating autopickup.
You feel a bit more experienced.
The orc wizard explodes!
The fiery explosion engulfs something!!!
You feel a bit more experienced.
The orc wizard explodes! x2
Your Axes skill increases to level 1!
Your Ranged Weapons skill increases to level 5!
Your Spellcasting skill increases to level 1!
You have reached level 5!
You are engulfed in blazing flames.
You're too confused to move!
You are engulfed in blazing flames.
Ouch! That really hurt!
* * * LOW HITPOINT WARNING * * *
Unknown command.
You are engulfed in blazing flames.
You die...

#############
##.....#.....##
##.............##
#............)..##### #
#...............#.... ..
#.......)............
...##....................
#....☼§☼○@................
#.#.§§)§○§..........†.....
###§#○§☼................
#.#...................
o....#.....####.......
.o.$.......## ##.#.....
.....#......#####........
.>........#..............
....##...................


There were no monsters in sight!

Vanquished Creatures
  An iguana (D:4)
  4 orc wizards (D:4)
  Robin (D:2)
  2 adders (D:3)
  4 orcs (D:3)
  6 ball pythons
  5 endoplasms
  8 goblins
  6 hobgoblins (D:2)
  2 quokkas
  A bat (D:2)
  A frilled lizard (D:2)
  6 kobolds
  A rat (D:1)
48 creatures vanquished.

Notes
Turn   | Place    | Note
-------+----------+-------------------------------------------
     0 | D:1      | Hrothgar the Draconian Hunter began the quest for the Orb.
     0 | D:1      | Reached XP level 1. HP: 17/17 MP: 1/1
   621 | D:1      | Reached skill level 1 in Stealth
   624 | D:1      | Reached XP level 2. HP: 24/24 MP: 2/2
   628 | D:1      | Reached skill level 4 in Ranged Weapons
   733 | D:2      | Noticed Robin
   779 | D:2      | Killed Robin
   780 | D:2      | Reached XP level 3. HP: 7/30 MP: 3/3
  1131 | D:2      | You fall into a shaft and drop 1 floor!
  1322 | D:3      | Reached XP level 4. HP: 36/37 MP: 3/5
  1481 | D:4      | Reached skill level 1 in Axes
  1481 | D:4      | Reached skill level 5 in Ranged Weapons
  1481 | D:4      | Reached skill level 1 in Spellcasting
  1481 | D:4      | Reached XP level 5. HP: 44/44 MP: 6/6
  1486 | D:4      | Engulfed by a cloud of flame

Illustrated notes

Levels and vault maps discovered:
D:1:      dpeg_arrival_leaves_temple_mockup, layout_basic
D:2:      layout_basic, shapermc_ecumenical_altar_notcrosses, uniq_sigmund,
          uniq_robin
D:3:      layout_rooms, gammafunk_ghost_necromancy
D:4:      layout_rooms, grunt_temple_overflow_growth_and_decay, serial_glass,
          glass_columns_c, glass_columns_b, serial_shops,
          nicolae_shop_window_shopping

Skill      XL: |  1  2  3  4 |
---------------+-------------+-----
Stealth        | 1 |  1.8
Ranged Weapons | 4 5 |  5.1
Dodging        | 2 |  2.2
Axes           | 1 |  1.0
Spellcasting   | 1 |  1.2
Fighting       | |  2.9

Action                   |  1- 3 |  4- 6 || total
-------------------------+-------+-------++-------
Melee: Hand axe          |     3 |     4 ||     7
       Tailslap          |     1 |       ||     1
 Fire: Shortbow          |    95 |    13 ||   108
  Use: Scroll            |     4 |     4 ||     8
Armor: Skin              |    15 |     1 ||    16
Dodge: Dodged            |    54 |     4 ||    58
